 Dungeon Crawl Stone Soup version 0.30-a0-652-gcc886f7154 (webtiles) character file.

Game seed: 2194728250808770513

158 Leeroy the Slasher (level 5, -10/30 HPs)
             Began as a Tengu Warper on Jan 17, 2023.
             Mangled by a mummy (17 damage)
             ... in an ossuary.
             The game lasted 00:05:21 (2116 turns).

Leeroy the Slasher (Tengu Warper)                   Turns: 2116, Time: 00:05:21

Health: -10/30     AC:  3    Str: 11    XL:     5   Next: 39%
Magic:  8/9        EV: 14    Int: 14    God:
Gold:   140        SH:  0    Dex: 15    Spells: 3/8 levels left

rFire   . . .      SeeInvis .    a - +0 falchion
rCold   . . .      Faith    .    (no shield)
rNeg    . . .      Spirit   .    b - +0 leather armour
rPois   .          Reflect  .    (helmet restricted)
rElec   .          Harm     .    f - scarf {repulsion}
rCorr   .          Rampage  .    (no gloves)
Will    .....                    (boots unavailable)
Stlth   +                        (no amulet)
HPRegen 0.25/turn                (no ring)
MPRegen 0.11/turn                (no ring)

@: flying quickly and evasively, repel missiles, quick
A: beak, talons 3, nimble flight
a: no special abilities


You were in an ossuary.
You visited 1 branch of the dungeon, and saw 3 of its levels.
You also visited: Ossuary.

You collected 140 gold pieces.

Inventory:

Hand Weapons
 a - a +0 falchion (weapon)
 e - a +0 rapier
Missiles
 d - 4 boomerangs of dispersal
 i - 2 poisoned darts
 j - a throwing net
Armour
 b - a +0 leather armour (worn)
 f - a scarf of repulsion (worn)
Wands
 m - a wand of acid (9) (quivered)
Scrolls
 c - 2 scrolls of blinking
 g - a scroll of silence
 l - a scroll of noise {unknown}
Potions
 h - 2 potions of lignification {unknown}
 k - a potion of invisibility {unknown}
 n - a potion of berserk rage {unknown}


   Skills:
 - Level 2.0 Fighting
 + Level 6.0 Long Blades
 - Level 1.0 Throwing
 - Level 1.1 Armour
 - Level 2.1 Dodging
 - Level 2.0 Spellcasting
 - Level 2.4 Translocations


You had 3 spell levels left.
You knew the following spells:

 Your Spells              Type           Power      Damage    Failure   Level
a - Blink                 Tloc           16%        N/A       19%         2
b - Vhi's Electric Charg  Tloc/Air       8%         N/A       50%         3

Your spell library contained the following spells:

 Spells                   Type           Power      Damage    Failure   Level
 Lesser Beckoning         Tloc           16%        N/A       19%         2
 Teleport Other           Tloc           8%         N/A       34%         3
 Ozocubu's Armour         Ice            1%         N/A       67%         3
 Manifold Assault         Tloc           8%         N/A       75%         4
 Airstrike                Air            0%         2d(1-17)  97%         4
 Summon Lightning Spire   Summ/Air       1%         N/A       97%         4
 Lightning Bolt           Conj/Air       0%         1d11      100%        5
 Ozocubu's Refrigeration  Ice            0%         4d7       100%        7


Dungeon Overview and Level Annotations

Branches:
Dungeon (4/15)            Ossuary (1/1)
 Temple: D:4-7

Altars:
Makhleb

Shops:
D:2 =


Innate Abilities, Weirdness & Mutations

You have a beak for a mouth.
You have claws for feet.
Your magical nature lets you fly swiftly and evasively.


Message History

You are too injured to fight recklessly!
Casting: Blink (safe; 19% risk of failure)
Confirm with . or Enter, or press ? or * to list all spells.
You blink.
Okay, then.
Okay, then.
Okay, then.
Okay, then.
Sorry, you're not good enough to have a special ability.
Okay, then.
Okay, then.
Okay, then.
Casting: Blink (safe; 19% risk of failure)
Confirm with . or Enter, or press ? or * to list all spells.
Okay, then.
Okay, then.
You feel stable enough to blink again.
You barely miss the kobold zombie.
The kobold zombie hits you but does no damage.
You slash the kobold zombie!
You destroy the kobold zombie!
The kobold zombie hits you.
You slash the kobold zombie! You claw the kobold zombie.
The kobold zombie is almost destroyed.
The kobold zombie completely misses you.
You hit the kobold zombie.
You destroy the kobold zombie!
You hit the mummy but do no damage. You barely miss the hobgoblin zombie.
You peck the hobgoblin zombie.
The hobgoblin zombie is heavily damaged.
The hobgoblin zombie misses you. The mummy misses you.
You hit the hobgoblin zombie.
You destroy the hobgoblin zombie!
You hit the mummy. You claw the mummy, but do no damage.
The mummy is severely damaged.
The mummy hits you!
* * * LOW HITPOINT WARNING * * *
The mummy hits you!
Ouch! That really hurt!
You die...

#........#
#......#
#....#
#....#
#....#
#....#
#M...#
#MM..#
#@M..#
#....#
#.∩∩.#
######


You could see 4 mummies.

Vanquished Creatures
  Robin (D:2)
  4 gnolls
  3 adders (D:2)
  3 dart slugs
  3 orcs (D:4)
  2 ball pythons
  4 endoplasms
  2 giant cockroaches
  A gnoll zombie (Ossuary)
  15 goblins
  5 hobgoblins
  3 jackals (D:2)
  5 quokkas
  3 bats
  3 frilled lizards
  A hobgoblin zombie (Ossuary)
  2 kobolds (D:1)
  3 kobold zombies (Ossuary)
  3 orc zombies (Ossuary)
  6 rats
72 creatures vanquished.

Notes
Turn   | Place    | Note
-------+----------+-------------------------------------------
     0 | D:1      | Leeroy the Tengu Warper began the quest for the Orb.
     0 | D:1      | Reached XP level 1. HP: 12/12 MP: 4/4
   204 | D:1      | Reached XP level 2. HP: 13/17 MP: 6/6
   230 | D:1      | Reached skill level 3 in Long Blades
   790 | D:2      | Reached XP level 3. HP: 21/21 MP: 7/7
   823 | D:2      | Found Otacouck's Jewellery Shop.
   935 | D:2      | Reached skill level 4 in Long Blades
  1013 | D:2      | Learned a level 2 spell: Blink
  1017 | D:2      | Learned a level 3 spell: Vhi's Electric Charge
  1099 | D:2      | Noticed Robin
  1113 | D:2      | Reached XP level 4. HP: 14/26 MP: 8/8
  1234 | D:2      | Killed Robin
  1291 | D:2      | Reached skill level 5 in Long Blades
  1691 | D:1      | Gained mutation: Your magical nature lets you fly swiftly
                  | and evasively. [Tengu growth]
  1691 | D:1      | Reached XP level 5. HP: 26/30 MP: 9/9
  1825 | D:2      | Found a burning altar of Makhleb.
  1853 | D:2      | You are sucked into a shaft and drop 2 floors!
  1878 | D:4      | Identified a scroll of acquirement
  1879 | D:4      | Acquired a scarf of repulsion
  1902 | D:4      | Found a sand-covered staircase.
  2026 | Ossuary  | Entered an ossuary
  2099 | Ossuary  | Reached skill level 6 in Long Blades
  2116 | Ossuary  | Mangled by a mummy

Illustrated notes

Levels and vault maps discovered:
D:1:      amcnicky_arrival_single_pillar, layout_basic
D:2:      layout_loops_ring, basic_altar, serial_shops, shop, uniq_robin
D:4:      layout_gridville, enter_ossuary_2
Ossuary:  ossuary_tomb_3

Skill      XL: |  1  2  3  4  5 |
---------------+----------------+-----
Long Blades    | 3 4 5 6 |  6.0
Fighting       | |  2.0
Throwing       | |  1.0
Armour         | |  1.1
Dodging        | |  2.1
Spellcasting   | |  2.0
Translocations | |  2.4

Action                   |  1- 3 |  4- 6 || total
-------------------------+-------+-------++-------
Melee: Falchion          |    81 |   103 ||   184
       Kick              |    21 |    21 ||    42
       Peck              |     8 |    13 ||    21
       Punch             |     1 |     2 ||     3
Throw: Boomerang         |       |     3 ||     3
 Cast: Blink             |       |     3 ||     3
  Use: Scroll            |       |     5 ||     5
 Stab: Sleeping          |       |     1 ||     1
Armor: Leather armour    |    20 |    18 ||    38
Dodge: Dodged            |    39 |    78 ||   117

Table legend: (Time is in decaauts)
 A = Elapsed time spent in this place.
 B = Non-inter-level travel time spent in this place.
 C = Inter-level travel time spent in this place.
 D = Time resting spent in this place.
 E = Time spent auto-exploring this place.
 F = Levels seen in this place.
 G = Mean time per level.
                   A        B        C        D        E       F      G
               +--------+--------+--------+--------+--------+-----+--------+
         Total |   2111 |   2083 |     28 |    156 |   1296 |   4 |  527.8 |
       Dungeon |   2022 |   1994 |     28 |    150 |   1272 |   3 |  674.0 |
       Ossuary |     88 |     88 |      0 |      6 |     24 |   1 |   88.0 |
               +--------+--------+--------+--------+--------+-----+--------+

Top non-repeatable levels by time:
     D:1: 951 daAuts
     D:2: 911 daAuts
     D:4: 159 daAuts
 Ossuary: 88 daAuts
